Map: 블랙번 - 래더

Players

DRG - Winner!

  • Race: Zerg Zerg

SpeCial

  • Race: Terran Terran
  • League: Master

Event: DreamHack SC2 Masters Last Chance 2022

VOD

Have the link to the VOD?

Description

Time

  • Played on: Dec. 19, 2021, 6:18 p.m.
  • Length: 15:09

All games in this series

Show
View Real Time Build Order
Export as new Build Order

DRG Zerg - Winner!

Build Orders: Hatch First 

Get SALT Encoding   

  12  0:00  Drone  
  13  0:12  Overlord  
  13  0:17  Drone  
  14  0:30  Drone x2  
  16  0:47  Hatchery  
  15  0:51  Drone  
  15  0:54  Drone  
  17  0:58  Drone  
  18  1:09  Extractor  
  17  1:13  Spawning Pool  
  17  1:16  Drone  
  17  1:20  Drone  
  18  1:29  Drone  
  19  1:38  Drone  
  20  1:49  Drone  
  21  2:00  Queen x2  
  21  2:01  Zergling x4  
  27  2:11  Overlord  
  27  2:12  Zergling x2  
  28  2:26  Metabolic Boost  
  29  2:30  Drone  
  29  2:31  Drone  
  29  2:32  Drone x2  
  32  2:38  Queen  
  32  2:39  Queen  
  36  2:45  Overlord  
  36  2:50  Overlord  
  36  3:04  Drone x4  
  40  3:12  Drone x5  
  45  3:14  Drone  
  46  3:21  Lair  
  46  3:24  Extractor  
  46  3:25  Drone  
  47  3:27  Drone  
  47  3:29  Drone  
  47  3:31  Drone  
  49  3:39  Drone  
  49  3:40  Drone  
  51  3:46  Overlord  
  51  3:47  Drone  
  51  3:52  Overlord, Extractor  
  51  3:53  Extractor  
  49  3:58  Drone  
  49  3:59  Drone  
  49  4:00  Overlord  
  51  4:05  Zergling x2  
  51  4:06  Zergling x4  
  54  4:13  Drone x2  
  56  4:18  Hatchery  
  56  4:22  Drone  
  56  4:23  Drone x2  
  58  4:26  Drone, Spire  
  58  4:29  Drone  
  59  4:34  Queen  
  61  4:41  Zergling x6  
  61  4:44  Queen  
  66  4:49  Spore Crawler  
  65  4:58  Drone  
  65  4:59  Zergling x8  
  70  5:07  Overlord  
  70  5:31  Queen  
  70  5:35  Overlord  
  72  5:39  Mutalisk x8  
  72  5:42  Overlord  
  88  5:43  Zerg Flyer Weapons Level 1  
  88  5:47  Baneling Nest  
  88  5:48  Overlord  
  87  5:53  Overlord  
  87  5:55  Drone x4  
  91  5:58  Drone  
  91  6:01  Drone x2  
  94  6:04  Drone  
  94  6:05  Drone  
  94  6:09  Drone  
  97  6:12  Drone x3  
  97  6:13  Drone  
  97  6:17  Drone x3  
  103  6:20  Drone, Extractor  
  100  6:28  Drone x3  
  100  6:31  Drone x3  
  100  6:32  Drone  
  106  6:38  Centrifugal Hooks  
  106  6:40  Drone x2  
  107  6:49  Zergling x10, Extractor  
  111  6:55  Baneling x9  
  111  6:58  Overlord  
  111  6:59  Overlord  
  111  7:01  Overlord  
  111  7:07  Overlord  
  111  7:11  Mutalisk  
  111  7:15  Baneling x5  
  113  7:22  Zergling x20  
  122  7:26  Drone x4  
  119  7:31  Drone  
  119  7:33  Mutalisk x2  
  112  7:47  Mutalisk x5  
  116  7:52  Drone x2  
  118  8:01  Evolution Chamber x2  
  118  8:04  Mutalisk x3  
  121  8:09  Mutalisk x2  
  121  8:11  Zergling x4  
  125  8:15  Overseer  
  125  8:16  Pneumatized Carapace  
  125  8:18  Drone x2  
  127  8:22  Zergling x6  
  127  8:25  Baneling x4  
  124  8:40  Mutalisk x3  
  123  8:45  Zergling x2  
  123  8:46  Zergling x10  
  129  8:57  Hatchery  
  129  9:01  Zerg Ground Armor Level 1  
  128  9:05  Zerg Melee Weapons Level 1  
  128  9:09  Zerg Flyer Weapons Level 2  
  128  9:12  Zergling x8  
  132  9:19  Baneling x7  
  132  9:22  Zergling x8  
  136  9:27  Zergling x2  
  136  9:31  Overlord x3  
  137  9:34  Overlord  
  137  9:37  Overlord  
  137  9:42  Mutalisk x2  
  133  9:46  Zergling x8  
  133  9:51  Overseer  
  137  9:54  Mutalisk x2  
  141  10:01  Zergling x12  
  142  10:11  Mutalisk x4  
  150  10:17  Overseer  
  148  10:21  Drone  
  148  10:22  Drone  
  148  10:31  Zergling x14  
  149  10:46  Hatchery  
  145  10:51  Drone x2  
  145  10:52  Spore Crawler  
  146  10:58  Zerg Ground Armor Level 2  
  146  11:00  Zerg Melee Weapons Level 2  
  146  11:02  Mutalisk x2  
  148  11:06  Baneling x5  
  148  11:15  Zergling x10  
  151  11:20  Drone x3  
  152  11:37  Mutalisk x6  
  152  11:51  Mutalisk x2  
  156  11:56  Hatchery  
  156  11:58  Zergling x8  
  156  11:59  Zergling x6  
  162  12:15  Mutalisk x2  
  162  12:25  Overlord  
  162  12:26  Overlord x2  
  162  12:28  Hatchery  
  162  12:29  Baneling x2  
  160  12:32  Baneling x7  
  149  12:44  Zergling x16  
  153  12:54  Zergling x2  
  153  12:55  Zergling x12  
  153  13:14  Baneling x6  
  153  13:15  Zergling x20  
  156  13:27  Drone x6  
  162  13:36  Overseer x2  
  162  13:43  Mutalisk x4  
  162  13:46  Baneling x3  
  160  13:59  Zergling x20  
  169  14:04  Mutalisk x2  
  173  14:10  Baneling x8  
  166  14:18  Mutalisk  
  166  14:19  Mutalisk x2  
  168  14:25  Zergling x4  
  168  14:26  Zergling x6  
  172  14:34  Baneling x14  
  172  14:36  Zergling x2  
  172  14:41  Baneling x9  
Show
View Real Time Build Order
Export as new Build Order

SpeCial Terran 

Build Orders: Hellion Opening, Reaper Expand 

Get SALT Encoding   

  12  0:00  SCV  
  13  0:12  SCV  
  14  0:17  Supply Depot  
  14  0:24  SCV  
  15  0:38  SCV  
  15  0:41  Barracks  
  16  0:44  Refinery  
  16  0:50  SCV  
  17  1:03  SCV  
  18  1:15  SCV  
  19  1:28  Reaper, Orbital Command  
  20  1:41  Command Center  
  20  1:54  Supply Depot, SCV  
  20  2:00  Marine  
  22  2:06  SCV  
  23  2:10  Factory  
  23  2:17  Refinery  
  23  2:20  SCV  
  23  2:22  Barracks Reactor  
  24  2:32  SCV  
  25  2:44  SCV  
  26  2:54  Orbital Command  
  26  2:55  Starport  
  26  2:57  SCV  
  27  3:05  Hellion x2  
  31  3:06  Barracks Tech Lab  
  31  3:09  SCV  
  32  3:15  Supply Depot  
  32  3:19  SCV  
  33  3:21  SCV  
  33  3:26  Hellion x2  
  38  3:32  SCV  
  38  3:33  SCV  
  40  3:36  Marine  
  40  3:39  Supply Depot  
  40  3:41  Raven  
  43  3:46  SCV  
  44  3:51  Hellion x2  
  44  3:52  SCV  
  49  3:58  SCV  
  49  4:02  Supply Depot  
  50  4:04  SCV  
  51  4:10  SCV  
  51  4:12  Hellion  
  51  4:13  Hellion  
  51  4:14  Barracks Tech Lab  
  56  4:18  SCV  
  56  4:22  SCV  
  56  4:23  Raven  
  60  4:29  Command Center  
  60  4:33  Marine  
  60  4:35  Stimpack  
  60  4:37  SCV x2  
  63  4:47  Barracks  
  63  4:49  Factory Reactor  
  63  4:50  SCV x2  
  63  4:51  Marine  
  66  4:53  Barracks  
  66  5:02  SCV x2  
  68  5:08  Marine  
  68  5:10  Engineering Bay  
  68  5:11  Engineering Bay  
  70  5:14  SCV  
  70  5:16  Starport Reactor  
  70  5:17  Supply Depot  
  70  5:19  SCV  
  71  5:26  SCV, Refinery, Marine  
  71  5:27  Refinery  
  73  5:31  SCV  
  73  5:33  Factory Reactor  
  73  5:35  Marine x2  
  76  5:37  Terran Infantry Weapons Level 1  
  76  5:38  SCV, Terran Infantry Armor Level 1  
  76  5:42  Missile Turret  
  77  5:44  SCV, Marine  
  77  5:46  Missile Turret  
  77  5:49  Orbital Command  
  79  5:51  Marine  
  79  5:52  Marine  
  79  5:53  Marine x2  
  79  5:56  Medivac  
  85  6:01  SCV x2  
  85  6:04  Medivac, Marine  
  89  6:09  Marine  
  90  6:12  Marine x2  
  90  6:13  Marine  
  93  6:20  SCV  
  93  6:22  Widow Mine x2, Marine  
  93  6:24  Combat Shield  
  99  6:27  Marine, Orbital Command  
  99  6:30  Marine  
  101  6:42  Supply Depot  
  101  6:45  Barracks  
  101  6:48  Barracks  
  101  6:49  Marine x2  
  101  6:51  Supply Depot  
  101  6:59  SCV x2, Marine x3  
  101  7:00  Missile Turret  
  106  7:02  Medivac  
  106  7:05  Medivac  
  106  7:07  Marine x2  
  106  7:08  Missile Turret  
  112  7:11  SCV  
  112  7:12  SCV x2  
  114  7:17  Marine x3  
  113  7:23  SCV  
  113  7:24  Widow Mine  
  113  7:25  Marine x2  
  116  7:32  Medivac  
  116  7:35  Medivac, SCV, Marine x3  
  124  7:42  Marine x2  
  112  7:53  Widow Mine x2, Marine x3  
  112  7:54  Barracks Reactor x2  
  117  7:59  Factory, SCV x3  
  117  8:00  Marine x2  
  117  8:02  Medivac  
  122  8:07  Armory  
  122  8:09  Medivac  
  122  8:10  Marine x3  
  122  8:11  SCV  
  125  8:27  Supply Depot  
  125  8:28  Supply Depot  
  125  8:34  Marine x4  
  125  8:35  Marine x2  
  125  8:36  Widow Mine, Medivac  
  125  8:38  Widow Mine, Marine x2  
  121  8:44  Widow Mine  
  121  8:45  SCV x2  
  121  8:47  Supply Depot x2  
  125  8:49  Marine  
  125  8:54  Command Center  
  126  8:57  Terran Infantry Weapons Level 2, Widow Mine  
  126  8:59  Widow Mine  
  126  9:01  Drilling Claws  
  126  9:02  Sensor Tower  
  130  9:06  Terran Infantry Armor Level 2  
  129  9:10  Supply Depot  
  129  9:12  Widow Mine  
  129  9:15  Medivac  
  133  9:20  Marine  
  133  9:21  Marine x4  
  134  9:24  Marine  
  134  9:26  Widow Mine x2  
  139  9:32  Medivac, Marine x3  
  139  9:33  Widow Mine  
  146  9:38  Marine x3  
  146  9:39  Marine  
  146  9:43  Marine x2  
  135  9:49  Command Center  
  135  9:54  Marauder, Marine x2  
  135  9:57  Medivac  
  141  10:01  Widow Mine x2  
  141  10:02  Medivac  
  145  10:08  Marine x4  
  145  10:10  Marine  
  145  10:13  Thor  
  156  10:24  Marine x2  
  156  10:27  Medivac, Marine x2  
  156  10:28  Marine  
  157  10:29  Marine x4  
  157  10:31  Medivac  
  161  10:41  Marine x2  
  160  10:43  Widow Mine x2  
  160  10:45  Marine x2  
  160  10:46  Marine  
  160  10:47  Marine x3  
  163  10:55  Marine  
  163  10:59  Marine x2  
  163  11:03  Marine  
  164  11:07  Barracks x2  
  164  11:08  Barracks  
  164  11:10  Missile Turret, SCV x2  
  164  11:11  Missile Turret, SCV  
  167  11:13  Marine x2  
  167  11:14  Marauder, Widow Mine x2  
  167  11:15  Marine x2  
  167  11:16  Marine  
  167  11:17  Marine  
  167  11:18  Marine  
  178  11:19  Terran Infantry Weapons Level 3  
  178  11:26  SCV x2  
  178  11:27  Marine  
  178  11:31  Marine x2  
  179  11:33  Marine x2  
  179  11:34  Widow Mine  
  179  11:36  Widow Mine  
  179  11:37  Marine  
  179  11:38  Marine  
  179  11:39  Marine x2  
  149  11:42  SCV x3  
  149  11:45  Marine  
  146  11:49  Marine x2  
  146  11:51  Marine x2  
  150  11:55  Marine x2  
  150  11:56  Planetary Fortress  
  150  11:57  Missile Turret, Marine  
  150  11:58  Marauder  
  155  12:02  Marine x2  
  155  12:03  Marine x2  
  155  12:06  Medivac, Marine  
  155  12:07  Marine  
  162  12:12  Medivac  
  138  12:17  Missile Turret x2  
  138  12:18  Marine  
  138  12:19  Marauder  
  141  12:23  Widow Mine  
  141  12:25  Widow Mine  
  145  12:32  Thor  
  145  12:35  Marine x2  
  153  12:41  SCV x2, Marine x2  
  153  12:42  Marine  
  148  12:46  SCV x2  
  148  12:49  Marine x2  
  144  12:52  Marine  
  144  12:55  Marine x2  
  144  12:58  Marine x2  
  145  13:03  Marine x2  
  145  13:04  Marine  
  144  13:08  SCV x2, Marine  
  144  13:10  Marine  
  144  13:12  Medivac  
  142  13:21  SCV x4  
  142  13:22  Marine x2  
  142  13:26  Marine x2  
  145  13:29  Marine x2  
  145  13:33  SCV x3  
  150  13:37  Marine  
  150  13:38  Marine x3  
  150  13:39  Missile Turret  
  150  13:40  SCV  
  155  13:44  Marauder, Marine x2  
  155  13:45  SCV  
  157  13:51  Marine x2  
  157  13:52  Marine x3  
  157  13:55  Marine  
  142  13:59  Marine  
  142  14:00  Marine x2  
  142  14:01  Marine  
  142  14:02  Marine  
  141  14:06  Marauder  
  141  14:09  Marine x3  
  139  14:10  Marine  
  139  14:11  Marine  
  139  14:13  Marine  
  140  14:17  Marine x2  
  140  14:23  SCV x3  
  138  14:25  Marine  
  138  14:26  Marine  
  138  14:27  Marine x2  
  142  14:32  Marine  
  142  14:33  Marine x2  
  142  14:37  Widow Mine  
  142  14:38  Marine  
  144  14:48  Marine x2  

Tags
 
Add a new tag
Caveats
  • Supply blocks, unpowered buildings, or Contaminate may cause inaccurate times.
  • Supply counts are checked every 10 seconds.